 Dungeon Crawl Stone Soup version 0.30-a0-1016-gfb0d676c02 (webtiles) character file.

Game seed: 5887600686147942487

14 Newt the Shooter (level 2, -5/19 HPs)
             Began as a Kobold Hunter on Apr 6, 2023.
             Slain by a gnoll
             ... wielding a +4 flail of protection
              (10 damage)
             ... on level 1 of the Dungeon.
             The game lasted 00:00:15 (231 turns).

Newt the Shooter (Kobold Hunter)                     Turns: 231, Time: 00:00:15

Health: -5/19      AC:  3    Str:  8    XL:     2   Next: 60%
Magic:  2/2        EV: 14    Int: 10    God:
Gold:   34         SH:  0    Dex: 18    Spells: 1/1 levels left

rFire   . . .      SeeInvis .    a - +0 shortbow
rCold   . . .      Faith    .    (shield currently unavailable)
rNeg    . . .      Spirit   .    c - +0 leather armour
rPois   .          Reflect  .    (no helmet)
rElec   .          Rampage  .    (no cloak)
rCorr   .                        (no gloves)
Will    .....                    (no boots)
Stlth   +++                      (no amulet)
HPRegen 0.23/turn                (no ring)
MPRegen 0.08/turn                (no ring)

@: no status effects
A: small, no large weapons, nightstalker 3
a: no special abilities


You were on level 1 of the Dungeon.
You visited 1 branch of the dungeon, and saw 1 of its levels.

You collected 34 gold pieces.

Inventory:

Hand Weapons
 a - a +0 shortbow (weapon)
Armour
 c - a +0 leather armour (worn)
Scrolls
 b - a scroll of immolation
 d - a scroll of identify {unknown}
Potions
 e - a potion of magic {unknown}


   Skills:
 + Level 3.3 Fighting
 - Level 5.3 Ranged Weapons
 - Level 2.4 Dodging
 - Level 1.3 Stealth


You had one spell level left.
You didn't know any spells.
Your spell library was empty.

Dungeon Overview and Level Annotations

Branches:
Dungeon (1/15)

Altars:


Innate Abilities, Weirdness & Mutations

You are small and have problems with some larger weapons.
You are completely attuned to the shadows.


Message History

A goblin comes into view. It is wielding a +0 dagger.
You hear a shout!
You shoot an arrow. The arrow barely misses the gnoll.
You hear a shout!
The gnoll closely misses you.
You shoot an arrow. The arrow barely misses the gnoll.
The arrow barely misses the goblin.
The gnoll hits you with a +4 flail of protection!
You shoot an arrow. The arrow barely misses the gnoll.
The arrow hits the goblin.
You kill the goblin!
The gnoll misses you.
You shoot an arrow. The arrow hits the gnoll.
The gnoll is severely wounded.
The gnoll closely misses you.
You shoot an arrow. The arrow hits the gnoll.
The gnoll is severely wounded.
The gnoll hits you with a +4 flail of protection.
The gnoll misses you.
You are too injured to fight recklessly!
You are too injured to fight recklessly!
You are too injured to fight recklessly!
A gnoll is nearby!
A gnoll is nearby!
Unknown command.
You shoot an arrow. The arrow barely misses the gnoll.
The gnoll misses you.
Unknown command.
You shoot an arrow.
The arrow hits the gnoll but does no damage.
The gnoll is severely wounded.
The gnoll misses you.
Unknown command.
You shoot an arrow.
The arrow hits the gnoll but does no damage.
The gnoll is severely wounded.
The gnoll hits you with a +4 flail of protection.
* * * LOW HITPOINT WARNING * * *
The gnoll hits you with a +4 flail of protection!
Ouch! That really hurt!
You die...

#.#†...>###..
....)..)...†.
.#.......P♣P†
.........♣P.. #.#
#.#.....♣♣... #.#
#.#..P.♣♣.... #.#
#...P.P♣...#.
..##.####....P♣.♣P###
..)g@.##.....♣...## #
..###....##...P..# #♣
♣.♣♣####.(..## ♣P
#P.♣ ####.# ♣♣ #♣.P
#..# ♣P ♣♣.P #.## ♣.
♣. ♣♣♣ ♣P #♣ #


You could see a gnoll.

Vanquished Creatures
  A bat (D:1)
  An endoplasm (D:1)
  2 goblins (D:1)
  5 jackals (D:1)
  A kobold (D:1)
  2 rats (D:1)
12 creatures vanquished.

Vanquished Creatures (others)
  5 plants (D:1)
5 creatures vanquished.

Grand Total: 17 creatures vanquished

Notes
Turn   | Place    | Note
-------+----------+-------------------------------------------
     0 | D:1      | Newt the Kobold Hunter began the quest for the Orb.
     0 | D:1      | Reached XP level 1. HP: 12/12 MP: 1/1
    66 | D:1      | Reached XP level 2. HP: 18/18 MP: 2/2
   231 | D:1      | Slain by a gnoll

Illustrated notes

Levels and vault maps discovered:
D:1:      lightli_arrival_maybe_door_vault, layout_rooms, serial_forest,
          infiniplex_forest_pool, infiniplex_forest_clump_long,
          infiniplex_forest_end_1, infiniplex_forest_clump_long,
          infiniplex_forest_clump_C, infiniplex_forest_corner_2,
          infiniplex_forest_pool, infiniplex_forest_corner_1,
          infiniplex_forest_zigzag_1, infiniplex_forest_clump_diagonal,
          kennysheep_pointless_box

Skill      XL: |  1  2 |
---------------+-------+-----
Fighting       | 3 |  3.3
Ranged Weapons | |  5.3
Dodging        | |  2.4
Stealth        | |  1.3

Action                     || total
---------------------------++-------
   Fire: Shortbow          ||    37
 Armour: Leather armour    ||     2
  Dodge: Dodged            ||    21

Table legend: (Time is in decaauts)
 A = Elapsed time spent in this place.
 B = Non-inter-level travel time spent in this place.
 C = Inter-level travel time spent in this place.
 D = Time resting spent in this place.
 E = Time spent auto-exploring this place.
 F = Levels seen in this place.
 G = Mean time per level.
                   A        B        C        D        E       F      G
               +--------+--------+--------+--------+--------+-----+--------+
         Total |    241 |    241 |      0 |      0 |    179 |   1 |  241.0 |
       Dungeon |    241 |    241 |      0 |      0 |    179 |   1 |  241.0 |
               +--------+--------+--------+--------+--------+-----+--------+

Top non-repeatable levels by time:
     D:1: 241 daAuts
